[Event "European Women-ch 2023"]
[Site "Petrovac"]
[Date "2023.03.20"]
[Round "3.28"]
[White "Kobak, Polina"]
[Black "Mamedjarova, Turkan"]
[Result "1-0"]
[ECO "A84"]
[WhiteElo "1815"]
[BlackElo "2229"]
[Annotator "TA"]
[PlyCount "83"]
[EventDate "2023.03.15"]
[EventType "swiss"]
[EventCountry "MNE"]
[SourceTitle "playchess.com"]
[Source "ChessBase"]
[SourceQuality "1"]
[TimeControl "40/5400+30:1800+30"]

1. d4 d5 2. c4 e6 3. Nf3 f5 4. Bf4 Nf6 5. Nc3 c6 6. e3 Bd6 7. Bd3 Qc7 {[%emt 0:10:24] A84: Dutch Defence: 2 c4 Miscellaneous.} 8. Qc1 O-O 9. O-O Qe7 {[%emt 0:07:31] [#] White is better.} 10. c5 $146 ({Predecessor:} 10. Qc2 Ne4 11. Bxe4 fxe4 12. Ne5 Nd7 13. Nxd7 Bxd7 14. Bxd6 Qxd6 15. Qe2 Rf6 16. f4 exf3 17. gxf3 {0-1 Krivousas,T (2161)-Beinoras,M (2095) Plunge op Plateliai 2001}) 10... Bc7 11. b4 Ng4 {[%emt 0:02:07] [#]} 12. Ne2 (12. Qb2 $142 $1) 12... e5 $16 13. dxe5 {[%emt 0:00:49] Qb2 would be deadly.} Nxe5 14. Nxe5 Bxe5 15. Bxe5 Qxe5 16. Nd4 Bd7 17. Qc2 Rf6 18. Nf3 Qe7 19. a4 Be6 20. Nd4 g6 21. b5 {[%emt 0:09:39] White is much more active.} Nd7 22. bxc6 bxc6 23. Nxc6 Qxc5 24. Rfc1 Qd6 25. Qc3 Bf7 26. Qd4 f4 (26... a5 $16 27. Rab1 Re6) 27. Nxa7 $18 fxe3 28. fxe3 Ne5 29. Nb5 Qe7 30. Rc7 {[%emt 0:03:20] Prevents Nc4.} Qe6 31. Be2 Rf8 (31... Qf5 $2 32. Rf1 (32. Qh4 g5 $18) 32... Qg5 33. Rf4 $18) (31... Rd8 {was necessary.} 32. Rd1 (32. Qh4 Nc4 $16) 32... h6) 32. Rcc1 ({Not} 32. Qh4 Nc4 $14) 32... Nc6 {[%emt 0:01:47] [#]} (32... Qf5 $2 33. Rf1 Qg5 34. Rxf6 Qxf6 35. a5 $18 (35. Rf1 Qe7 $18)) 33. Qc3 g5 (33... Qf5 $2 34. Rf1 d4 35. Rxf5 $18) 34. Nd4 Nxd4 35. Qxd4 {[%emt 0:00:05] Strongly threatening a5.} Bg6 (35... Qf5 $2 36. Rf1 $18) 36. Rf1 (36. a5 $142) 36... Bf5 $2 (36... Rxf1+ 37. Bxf1 (37. Rxf1 Re8 $16) 37... Qf5) 37. a5 {[%emt 0:01:06][%cal Ba4a5,Ba5a6][%mdl 32] And now a6 would win.} R6f7 38. a6 Ra8 39. Bf3 {[%emt 0:02:30] Inhibits Qe4.} Rd7 (39... Be4 40. a7 Bxf3 41. gxf3 Qf5) 40. Rfd1 {[%emt 0:00:00] White is clearly winning.} Rxa6 41. Rxa6 (41. Bxd5 $2 {too greedy.} Rxd5 42. Qxd5 Qxd5 43. Rxd5 Rxa1+ $19) 41... Qxa6 42. Bxd5+ {[%emt 0:02:45] Weighted Error Value: White=0.26 (precise) /Black=0.46} 1-0